 Dungeon Crawl Stone Soup version 0.32-a0-599-gba8f9cf90e (webtiles) character file.

Game seed: 10444359717721740468

165661 eruonna the Slayer (level 17, -2/185 HPs)
             Began as a Minotaur Berserker on Mar 2, 2024.
             Was the Champion of Trog.
             Succumbed to a nagaraja's splash of poison
             ... on level 4 of the Snake Pit.
             The game lasted 02:28:18 (29596 turns).

eruonna the Slayer (Minotaur Berserker)            Turns: 29596, Time: 02:28:18

Health: -2/185     AC: 23    Str: 38    XL:     17   Next: 28%
Magic:  8/8        EV: 14    Int:  7    God:    Trog [******]
Gold:   1846       SH:  5    Dex: 15    Spells: 16/16 levels left

rFire   . . .        P - +9 dire flail of Harmony {antimagic, rElec rC+ Str+3 Dex+3}
rCold   + . .        (shield currently unavailable)
rNeg    . . .        Y - +1 plate armour of Charity {Rampage rPois Str+3}
rPois   .            (helmet restricted)
rElec   +            z - +0 cloak of Free Will {Rampage Str+4 Int+3}
rCorr   .            Z - +1 pair of gloves {Stlth+}
SInv    +            u - +2 pair of boots
Will    +++..        e - amulet of reflection Stlth
                     w - +5 ring of evasion
HPRegen 1.50/turn    U - ring "Fastrahus" {MP+9 Slay+2 SInv}
MPRegen 0.11/turn

%: reflection, rampage
@: mighty, lethally poisoned (-2 -> -27), weakened, strong-willed, poison
vulnerable, regenerating
A: horns 2, retaliatory headbutt
a: Renounce Religion, Berserk, Trog's Hand, Brothers in Arms


You were on level 4 of the Snake Pit.
You worshipped Trog.
Trog was exalted by your worship.
You visited 7 branches of the dungeon, and saw 29 of its levels.
You also visited: Bailey.

You collected 2970 gold pieces.
You spent 1124 gold pieces at shops.

Inventory:

Hand Weapons
 O - the +7 eveningstar of the Bedazzling Saviour {drain, rF+ Dex+3 Stlth+}
   (You acquired it on level 8 of the Dungeon)

   Dex+3:     It affects your dexterity (+3).
   rF+:       It protects you from fire.
   Stlth+:    It makes you more stealthy.
 P - the +9 dire flail of Harmony (weapon) {antimagic, rElec rC+ Str+3 Dex+3}
   (Trog gifted it to you on level 13 of the Dungeon)

   Str+3:     It affects your strength (+3).
   Dex+3:     It affects your dexterity (+3).
   rC+:       It protects you from cold.
   rElec:     It insulates you from electricity.
 Q - the +1 morningstar of Okawaru, Crafting {freeze, rPois}
   (You found it in a bailey)

   rPois:     It protects you from poison.
Missiles
 a - 9 silver javelins
 F - 11 throwing nets
 G - 62 boomerangs (quivered)
 X - 41 javelins
Armour
 b - a +2 buckler of protection
 o - an orb of light
 u - a +2 pair of boots (worn)
 z - the +0 cloak of Free Will (worn) {Rampage Str+4 Int+3}
   (You found it on level 13 of the Dungeon)

   Str+4:     It affects your strength (+4).
   Int+3:     It affects your intelligence (+3).
   Rampage:   It bestows one free step when moving towards enemies.
 W - the +1 ring mail of the Planets {rElec rN+ Dex+7}
   (You found it on level 2 of the Lair of Beasts)

   Dex+7:     It affects your dexterity (+7).
   rElec:     It insulates you from electricity.
   rN+:       It protects you from negative energy.
 Y - the +1 plate armour of Charity (worn) {Rampage rPois Str+3}
   (You bought it in a shop on level 2 of the Orcish Mines)

   Str+3:     It affects your strength (+3).
   rPois:     It protects you from poison.
   Rampage:   It bestows one free step when moving towards enemies.
 Z - a +1 pair of gloves of stealth (worn)
Jewellery
 e - an amulet of reflection (around neck)
 g - a ring of protection from cold
 p - a ring of willpower
 w - a +5 ring of evasion (left hand)
 B - a ring of resist corrosion
 U - the ring "Fastrahus" (right hand) {MP+9 Slay+2 SInv}
   (You found it on level 9 of the Dungeon)

   [ring of see invisible]

   Slay+2:    It affects your accuracy & damage with ranged weapons and melee
   (+2).
   MP+9:      It affects your magic capacity (+9).
   SInv:      It lets you see invisible.
 V - a ring of protection from fire
Wands
 f - a wand of digging (8)
 l - a wand of polymorph (14)
 A - a wand of roots (11)
 S - a wand of flame (30)
 T - a wand of paralysis (7)
Scrolls
 c - a scroll of acquirement
 i - 2 scrolls of silence
 j - 3 scrolls of teleportation
 n - 5 scrolls of fear
 r - 2 scrolls of immolation
 s - a scroll of summoning {unknown}
 v - 11 scrolls of identify
 y - a scroll of poison
 D - a scroll of torment
 H - a scroll of enchant weapon
 I - 5 scrolls of blinking
 K - 7 scrolls of brand weapon
 M - 5 scrolls of fog
 N - 2 scrolls of revelation
Potions
 d - 14 potions of curing
 h - 3 potions of haste
 m - 3 potions of might
 t - 2 potions of cancellation
 x - 7 potions of enlightenment
 C - 2 potions of ambrosia
 E - 2 potions of resistance
 J - a potion of mutation {unknown}
 L - 2 potions of invisibility
 R - a potion of attraction {unknown}
Miscellaneous
 k - a sack of spiders


   Skills:
 + Level 25.3 Fighting
 - Level 16.0 Maces & Flails
 - Level 16.0 Throwing
 - Level 11.5 Armour
 - Level 2.1 Dodging
 - Level 5.0 Evocations


You had 16 spell levels left.
You didn't know any spells.
Your spell library was empty.

Dungeon Overview and Level Annotations

Branches:
Dungeon (15/15)            Temple (0/1) D:6            Lair (5/5) D:11
 Shoals (1/4) Lair:3        Snake (4/4) Lair:2        Slime (1/5) Lair:5
    Orc (2/2) D:12            Elf (0/3) Orc:2        Vaults (0/5) D:14
 Depths (1/4) D:15         Bailey (visited)

Altars:
Cheibriados
Dithmenos
Elyvilon
Gozag
Kikubaaqudgha
Makhleb
Nemelex Xobeh
Okawaru
Qazlal
Sif Muna
Trog
Vehumet
Wu Jian
Xom
Yredelemnul
Zin
The Shining One
Beogh
Jiyva

Shops:
Orc:1 :*   Orc:2 [*:[(*   Snake:2 *

Annotations:
D:3 1 runed translucent door, Crazy Yiuf
D:7 2 transporters, javelincjr's ghost, novice DsWr


Innate Abilities, Weirdness & Mutations

You have a pair of horns on your head.
You reflexively headbutt those who attack you in melee.


Message History

The salamander tyrant is heavily wounded.
You hear a shout!
You bludgeon the orc priest!!
You kill the orc priest!
Trog accepts your kill.
A warg comes into view.
Throw: 62 boomerangs
Press: ? - help, Q - select action, (/) - cycle Shift-Dir - straight line, f - orc sorcerer
Aim: an orc sorcerer, wielding a +0 dagger and wearing a +0 robe (71% to hit)
You throw a boomerang.
The boomerang barely misses the orc sorcerer.
The warg howls!
You bludgeon the salamander tyrant!!
The salamander tyrant's magic leaks into the air.
The salamander tyrant is almost dead.
An orc warrior comes into view. It is wielding a +0 glaive.
The salamander tyrant falters for a moment.
You thump the salamander tyrant!
The salamander tyrant's magic leaks into the air.
The salamander tyrant is almost dead.
You hit the salamander tyrant.
You kill the salamander tyrant!
Trog accepts your kill.
Trog appreciates your killing of a magic user.
Your surroundings suddenly seem different.
A nagaraja comes into view. It is wielding a +0 halberd.
The nagaraja shouts!
The nagaraja barely misses you.
You feel very mighty all of a sudden.
The nagaraja points at you and mumbles some strange words.
The bolt of poison hits you!!
You are poisoned.
* * * LOW HITPOINT WARNING * * *
You feel extremely sick. The nagaraja spits poison at you.
The splash of poison hits you!!
You are lethally poisoned!
* * * LOW HITPOINT WARNING * * *
You barely miss the nagaraja.
You die...

..+ ..# .## ##
.#### +# ....##...
##.## †)o.o...#
#...## )#..#..##
#..N# #####.o# #.@#
. .+ #.## .. S#
#..# ... # #..# ###
###. ..####.# ..###
..##.#.## ....##
..##.##.# .....##
..##..#.##
......#######..##.#


You could see a nagaraja (catching breath).

Vanquished Creatures
  Aizul (Snake:1)
  A nagaraja (Snake:2)
  An orc warlord (Bailey)
  A stone giant (D:15)
  Josephine (D:15)
  5 vault guards (D:14)
  Fannar (D:12)
  Harold (D:11)
  4 hydras
  2 salamander tyrants (Snake:4)
  An ogre mage (D:14)
  An ice dragon (Lair:5)
  2 catoblepae
  11 anacondas
  7 centaur warriors
  9 death yaks
  5 boulder beetles
  5 two-headed ogres
  A death knight (D:13)
  Erica (D:9)
  4 tengu warriors (D:15)
  9 shock serpents
  2 orc high priests (Orc:2)
  Urug (D:11)
  10 naga sharpshooters
  Nergalle (D:11)
  9 naga warriors
  A deep elf knight (D:13)
  2 iron trolls (D:12)
  A skyshark (Lair:3)
  3 salamander mystics
  A deep troll (D:15)
  10 mana vipers
  4 orc knights
  An arcanist (D:13)
  4 lindwurms
  6 naga ritualists
  13 ugly things
  3 deep elf pyromancers (D:14)
  3 cyclopes
  Pikel (D:6)
  An oklob plant (Lair:4)
  A wolf spider (Lair:5)
  5 manticores
  4 orc sorcerers (Orc:2)
  14 salamanders
  3 meliai (D:15)
  7 elephants
  4 slime creatures
  5 guardian serpents
  5 gargoyles
  2 kobold blastminers (Orc:2)
  14 naga magi
  10 cane toads
  40 black mambas
  7 torpor snails (Lair:5)
  A rime drake (Lair:5)
  Jeremiah (D:6)
  2 kobold demonologists
  5 komodo dragons
  7 yaktaurs
  3 tengu conjurers
  A queen bee (shapeshifter) (D:13)
  Prince Ribbit (D:7)
  5 polar bears
  9 hornets
  4 tyrant leeches (Lair:5)
  7 trolls
  17 blink frogs
  Grinder (D:3)
  A wolf spider simulacrum (D:15)
  7 dream sheep
  5 basilisks
  3 wyverns
  Grum (Lair:1)
  47 yaks
  A human (shapeshifter) (D:14)
  6 wraiths
  3 steam dragons
  4 wargs
  6 humans
  5 vampire mosquitoes
  29 nagas
  2 acid dragons
  26 water moccasins
  36 orc warriors
  4 ogres
  3 laughing skulls
  11 wolves
  16 centaurs
  A lemure (D:6)
  Blork the orc (D:6)
  2 kobold brigands (D:7)
  20 bullfrogs
  3 scorpions
  12 killer bees
  2 electric eels (D:8)
  2 howler monkeys (D:10)
  4 lava snakes
  A bombardier beetle (D:5)
  4 jellies (Lair:5)
  24 orc priests
  4 hounds
  Jessica (D:2)
  5 iguanas
  41 orc wizards
  Robin (D:3)
  9 adders
  2 white imps
  2 dart slugs
  69 orcs
  8 ball pythons
  4 endoplasms
  A giant cockroach (D:1)
  20 goblins
  15 hobgoblins
  5 jackals
  22 kobolds
  8 quokkas
  3 bats
  6 frilled lizards
  2 jackal skeletons (D:8)
  4 rats
860 creatures vanquished.

Vanquished Creatures (collateral kills)
  A hydra (Lair:5)
  A death yak (Lair:5)
  An orc knight (Orc:1)
  A manticore (Lair:5)
  A rime drake (Lair:5)
  An orc warrior (Orc:1)
  An orc (Orc:1)
7 creatures vanquished.

Grand Total: 867 creatures vanquished

Notes
Turn   | Place    | Note
-------+----------+-------------------------------------------
     0 | D:1      | eruonna the Minotaur Berserker began the quest for the Orb.
     0 | D:1      | Reached XP level 1. HP: 19/19 MP: 0/0
    82 | D:1      | Found a faded altar of an unknown god.
   422 | D:1      | Reached XP level 2. HP: 26/26 MP: 1/1
   830 | D:2      | Reached skill level 5 in Maces & Flails
   915 | D:2      | Reached XP level 3. HP: 31/31 MP: 2/2
  1106 | D:2      | Noticed Jessica
  1112 | D:2      | Killed Jessica
  1117 | D:2      | Reached XP level 4. HP: 39/39 MP: 3/3
  1641 | D:3      | Noticed Grinder
  1671 | D:3      | Paralysed by Grinder for 5 turns
  1699 | D:3      | Paralysed by Grinder for 2 turns
  1708 | D:3      | Paralysed by Grinder for 4 turns
  1722 | D:3      | Killed Grinder
  1723 | D:3      | Reached XP level 5. HP: 12/45 MP: 4/4
  1723 | D:3      | Reached XP level 6. HP: 13/51 MP: 5/5
  1865 | D:3      | Found a shimmering altar of Xom.
  1941 | D:3      | Reached ** piety under Trog
  2101 | D:3      | Reached skill level 4 in Fighting
  2395 | D:3      | Found a runed translucent door.
  2396 | D:3      | Noticed Crazy Yiuf
  2544 | D:3      | Noticed Robin
  2559 | D:3      | Killed Robin
  2974 | D:4      | Reached skill level 5 in Fighting
  3443 | D:4      | Found a sparkling altar of Nemelex Xobeh.
  3699 | D:4      | Reached *** piety under Trog
  3974 | D:5      | Entered Level 5 of the Dungeon
  3981 | D:5      | Reached skill level 6 in Fighting
  3981 | D:5      | Reached XP level 7. HP: 64/64 MP: 6/6
  4001 | D:5      | Found a burning altar of Makhleb.
  4164 | D:5      | Found an ornate altar of the Wu Jian Council.
  4453 | D:5      | Found an opulent altar of Gozag.
  4456 | D:5      | Reached skill level 7 in Fighting
  4672 | D:6      | Found a staircase to the Ecumenical Temple.
  4680 | D:6      | Noticed a human
  4700 | D:6      | Killed a human
  4736 | D:6      | Noticed a human
  4736 | D:6      | Noticed a human
  4746 | D:6      | Killed a human
  4751 | D:6      | Killed a human
  4752 | D:6      | Reached skill level 8 in Fighting
  4752 | D:6      | Reached skill level 5 in Armour
  4752 | D:6      | Reached XP level 8. HP: 42/74 MP: 7/7
  4880 | D:6      | Reached skill level 9 in Fighting
  5035 | D:6      | Found a snail-covered altar of Cheibriados.
  5057 | D:6      | Noticed Jeremiah
  5133 | D:6      | Killed Jeremiah
  5365 | D:6      | Noticed Blork the orc
  5369 | D:6      | Killed Blork the orc
  5370 | D:6      | Reached skill level 10 in Fighting
  5612 | D:6      | Reached XP level 9. HP: 85/85 MP: 8/8
  5653 | D:6      | Noticed Pikel
  5660 | D:6      | Killed Pikel
  5792 | D:7      | Noticed Prince Ribbit
  5796 | D:7      | Killed Prince Ribbit
  5797 | D:7      | Reached skill level 10 in Maces & Flails
  6119 | D:7      | Found a flagged portal.
  6120 | D:7      | Reached **** piety under Trog
  6136 | Bailey   | Entered a bailey
  6165 | Bailey   | Noticed an orc warlord
  6264 | Bailey   | Found a runed translucent gate.
  6266 | Bailey   | Found a runed translucent gate.
  6267 | Bailey   | Found a runed translucent gate.
  6406 | Bailey   | Killed an orc warlord
  6407 | Bailey   | Reached XP level 10. HP: 93/93 MP: 9/9
  6431 | Bailey   | Identified the +1 morningstar of Okawaru, Crafting {freeze,
                  | rPois}
  6644 | D:7      | Noticed javelincjr's ghost (novice DsWr)
  6648 | D:7      | Noticed a moth of wrath
  6650 | D:7      | Found a transporter.
  6655 | D:7      | Found a transporter.
  6659 | D:7      | Found a bloodstained altar of Trog.
  6677 | D:7      | Noticed a two-headed ogre
  6727 | D:8      | Acquired the +7 eveningstar of the Bedazzling Saviour
                  | {drain, rF+ Dex+3 Stlth+}
  6737 | D:8      | Found a transporter.
  6749 | D:8      | Found a transporter.
  6777 | D:8      | Reached skill level 1 in Throwing
  7037 | D:8      | Found a runed translucent door.
  7043 | D:8      | Found a basalt altar of Yredelemnul.
  7244 | D:8      | Found a shadowy altar of Dithmenos.
  7402 | D:8      | Reached skill level 5 in Throwing
  7761 | D:9      | Reached skill level 11 in Fighting
  7802 | D:9      | Reached ***** piety under Trog
  7839 | D:9      | Identified the ring "Fastrahus" {MP+9 Slay+2 SInv}
  7959 | D:9      | Noticed a two-headed ogre
  7965 | D:9      | Killed a two-headed ogre
  7966 | D:9      | Reached skill level 12 in Fighting
  7966 | D:9      | Noticed a two-headed ogre
  7973 | D:9      | Killed a two-headed ogre
  8032 | D:9      | Found a stormy altar of Qazlal.
  8041 | D:9      | Noticed Erica
  8048 | D:9      | Killed Erica
  8049 | D:9      | Reached skill level 13 in Fighting
  8049 | D:9      | Reached XP level 11. HP: 63/107 MP: 10/10
  8478 | D:9      | Reached skill level 14 in Fighting
  8664 | D:10     | Entered Level 10 of the Dungeon
  8720 | D:10     | Found a white marble altar of Elyvilon.
  8720 | D:10     | Found a glowing silver altar of Zin.
  8720 | D:10     | Found a glowing golden altar of the Shining One.
  9528 | D:10     | Found a radiant altar of Vehumet.
  9537 | D:10     | Found an ancient bone altar of Kikubaaqudgha.
  9546 | D:10     | Found a shimmering blue altar of Sif Muna.
  9726 | D:11     | Received a gift from Trog
  9855 | D:11     | Noticed a two-headed ogre
  9855 | D:11     | Noticed Harold
  9864 | D:11     | Killed a two-headed ogre
  9865 | D:11     | Reached skill level 15 in Fighting
  9898 | D:11     | Killed Harold
  9928 | D:11     | Noticed Nergalle
  9939 | D:11     | Killed Nergalle
  9940 | D:11     | Reached skill level 10 in Armour
  9986 | D:11     | Noticed a death yak
  9995 | D:11     | Killed a death yak
  9999 | D:11     | Noticed a death yak
 10002 | D:11     | Killed a death yak
 10004 | D:11     | Found a staircase to the Lair.
 10061 | D:11     | Noticed a two-headed ogre
 10067 | D:11     | Killed a two-headed ogre
 10202 | D:11     | Identified the +6 scale mail of Reiwnuf {rF- rCorr Dex+4
                  | Stlth+}
 10217 | D:11     | Reached XP level 12. HP: 119/119 MP: 11/11
 10353 | D:11     | Noticed Urug
 10360 | D:11     | Killed Urug
 10588 | Lair:1   | Entered Level 1 of the Lair of Beasts
 10621 | Lair:1   | Reached skill level 15 in Maces & Flails
 11065 | Lair:1   | Noticed Grum
 11070 | Lair:1   | Killed Grum
 11994 | Lair:2   | Found a staircase to the Snake Pit.
 12028 | Snake:1  | Entered Level 1 of the Snake Pit
 12243 | Lair:2   | Identified the +1 ring mail of the Planets {rElec rN+
                  | Dex+7}
 12508 | Lair:2   | Reached skill level 10 in Throwing
 12709 | Lair:3   | Reached XP level 13. HP: 116/126 MP: 12/12
 12833 | Lair:3   | Found a staircase to the Shoals.
 12838 | Shoals:1 | Entered Level 1 of the Shoals
 13622 | Lair:4   | Reached skill level 1 in Evocations
 13988 | Lair:4   | Found a glowing golden altar of the Shining One.
 14575 | Lair:5   | Entered Level 5 of the Lair of Beasts
 14649 | Lair:5   | Reached skill level 16 in Fighting
 14672 | Lair:5   | Received a gift from Trog
 14866 | Lair:5   | Reached skill level 5 in Evocations
 14871 | Lair:5   | Paralysed by a hornet for 2 turns
 15276 | Lair:5   | Reached skill level 17 in Fighting
 15276 | Lair:5   | Reached XP level 14. HP: 114/140 MP: 13/13
 15281 | Lair:5   | Identified the serpent talisman "Ogyope" {rF+ rCorr Str+3}
 15622 | Lair:5   | Reached skill level 18 in Fighting
 16042 | Lair:5   | Found a staircase to the Slime Pits.
 16088 | Lair:5   | Found a viscous altar of Jiyva.
 16178 | Lair:5   | Reached skill level 19 in Fighting
 16466 | Slime:1  | Entered Level 1 of the Pits of Slime
 16466 | Slime:1  | Noticed a quicksilver ooze
 16466 | Slime:1  | Noticed an acid blob
 16678 | D:12     | Found a staircase to the Orcish Mines.
 16691 | D:12     | Identified the +3 mace "Xox Doi" {holy, rElec Int+3}
 16697 | Orc:1    | Entered Level 1 of the Orcish Mines
 17454 | Orc:1    | Found a roughly hewn altar of Beogh.
 17495 | Orc:1    | Found Savule's Superlative Supplies.
 17496 | Orc:1    | Found Varhue's Book Shop.
 17527 | Orc:2    | Entered Level 2 of the Orcish Mines
 17667 | Orc:2    | Reached skill level 20 in Fighting
 17675 | Orc:2    | Found a staircase to the Elven Halls.
 17717 | Orc:2    | Found Pohuargh's Antique Armour Boutique.
 17750 | Orc:2    | Found a roughly hewn altar of Beogh.
 17855 | Orc:2    | Received a gift from Trog
 18123 | Orc:2    | Found Ejaola's Antique Weapon Emporium.
 18123 | Orc:2    | Found Bennor's General Store.
 18123 | Orc:2    | Found Ukhub's Antique Armour Shoppe.
 18127 | Orc:2    | Found Ocsixaly's Book Shoppe.
 18145 | Orc:2    | Found Runeen's Assorted Antiques.
 18502 | Orc:2    | Upgraded the game from 0.32-a0-576-g706899e69d to
                  | 0.32-a0-599-gba8f9cf90e
 18533 | Orc:2    | Bought a distressingly furry plate armour for 952 gold
                  | pieces
 18533 | Orc:2    | Identified the +1 plate armour of Charity {Rampage rPois
                  | Str+3} (You bought it in a shop on level 2 of the Orcish
                  | Mines)
 18569 | Orc:2    | Bought a pair of runed gloves for 172 gold pieces
 18961 | D:12     | Identified the +1 ring mail of Ynwojic {-Tele Dex+5 Slay-4}
 19106 | D:12     | Noticed Fannar
 19114 | D:12     | Killed Fannar
 19115 | D:12     | Reached XP level 15. HP: 153/156 MP: 14/14
 19734 | D:13     | Identified the +9 dire flail of Harmony {antimagic, rElec
                  | rC+ Str+3 Dex+3} (Trog gifted it to you on level 13 of the
                  | Dungeon)
 19734 | D:13     | Received a gift from Trog
 19976 | D:13     | Identified the +0 leather armour of Puwaethosevo {*Slow
                  | rElec rPois Regen+}
 20098 | D:13     | Found an iron altar of Okawaru.
 20590 | D:13     | HP: 10/235 [mirror damage (11)]
 21018 | D:13     | Identified the +2 ring mail of Boutytey {*Slow +Blink MP+9
                  | Str+7}
 21067 | D:13     | Identified the +0 cloak of Free Will {Rampage Str+4 Int+3}
 21267 | D:14     | Reached skill level 21 in Fighting
 21301 | D:14     | Identified the +0 ring mail "Gydo" {-Tele Rampage rPois
                  | Stlth+}
 21355 | D:14     | Found a gate to the Vaults.
 22159 | D:14     | Found a shimmering altar of Xom.
 22738 | D:15     | Entered Level 15 of the Dungeon
 23087 | D:15     | Noticed Josephine
 23095 | D:15     | Killed Josephine
 23191 | D:15     | Reached skill level 22 in Fighting
 23895 | D:15     | Received a gift from Trog
 24080 | D:15     | Found a sparkling altar of Nemelex Xobeh.
 24241 | D:15     | Reached ****** piety under Trog
 24250 | D:15     | Reached XP level 16. HP: 139/170 MP: 8/15
 24253 | D:15     | Found a staircase to the Depths.
 24556 | Depths:1 | Entered Level 1 of the Depths
 25145 | Snake:1  | Identified the +0 ring mail of Jataip {rC+ Dex+2}
 25531 | Snake:1  | Identified the serpent talisman of Privacy {Str+2 Dex+4}
 25531 | Snake:1  | Noticed Aizul
 25548 | Snake:1  | Killed Aizul
 25549 | Snake:1  | Reached skill level 15 in Throwing
 25823 | Snake:2  | Reached skill level 23 in Fighting
 26375 | Snake:2  | Received a gift from Trog
 26624 | Snake:2  | Found Zuhatt's Clear Minds Boutique.
 27812 | Snake:3  | Reached skill level 24 in Fighting
 28161 | Snake:4  | Entered Level 4 of the Snake Pit
 28540 | Snake:4  | Reached XP level 17. HP: 150/183 MP: 8/16
 28994 | Snake:4  | Identified the +3 broad axe of Sunlight {flame, *Corrode
                  | Will+++ SInv Stlth-} (Trog gifted it to you on level 4 of
                  | the Snake Pit)
 28994 | Snake:4  | Received a gift from Trog
 29121 | Snake:4  | Reached skill level 25 in Fighting
 29595 | Snake:4  | HP: 2/185 [nagaraja/splash of poison (22)]
 29596 | Snake:4  | Succumbed to a nagaraja's splash of poison

Illustrated notes

Levels and vault maps discovered:
D:1:      evilmike_arrival_hilbert_curve, layout_basic,
          ebering_ecumenical_altar_petrified, minivault_14
D:2:      layout_basic, uniq_jessica
D:3:      kennysheep_goblin_castle, layout_loops_ring, general_overflow_altar,
          kennysheep_minor_cross, eino_tiny_chamber, uniq_grinder,
          uniq_crazy_yiuf_cottage
D:4:      layout_loops_corners, nemelex_spade_bored_becter, grunt_ministairs_2
D:5:      layout_loops_ring, bloody_makhleb, amcnicky_altar_gilded,
          mainiacjoe_overflow_alcove_1, nicolae_letterblocks
          [nicolae_letter_subblock, nicolae_letter_subblock,
          nicolae_letter_subblock, nicolae_letter_subblock,
          nicolae_letter_subblock, nicolae_letter_subblock,
          nicolae_letter_subblock, nicolae_letter_subblock,
          nicolae_letter_subblock, nicolae_letter_subblock,
          nicolae_letter_subblock, nicolae_letter_subblock,
          nicolae_letter_subblock, nicolae_letter_subblock,
          nicolae_letter_subblock, nicolae_letter_subblock,
          nicolae_letter_subblock, nicolae_letter_subblock,
          nicolae_letter_subblock, nicolae_letter_subblock,
          nicolae_letter_subblock, nicolae_letter_subblock,
          nicolae_letter_subblock, nicolae_letter_subblock,
          nicolae_letter_subblock]
D:6:      layout_loops_ring, kennysheep_slug_shrine,
          minmay_temple_entry_large_hall, minmay_ruffians, uniq_pikel,
          uniq_jeremiah, uniq_blork_the_orc
D:7:      layout_basic, enter_bailey_4, gammafunk_ghost_wrathful_warriors,
          uniq_prince_ribbit1
D:8:      gammafunk_steamed_eel, layout_gridville,
          mainiacjoe_overflow_cross_hatched, dk_yredelemnul_ordeal
D:9:      layout_long_grid, mainiacjoe_overflow_chevrons, serial_glass,
          glass_columns_a, glass_columns_c, glass_columns_a, glass_columns_b,
          nicolae_zen_rock_garden, uniq_erica
D:10:     layout_roguey, dreamdust_divine_triumvirate,
          palyth_temple_overflow_mages, kennysheep_generic_room_4
D:11:     layout_loops_ring, dpeg_lair_monsters, uniq_urug, uniq_nergalle,
          uniq_harold
D:12:     lemuel_troll_bridge, layout_stronghold, orc_0_dummy, uniq_fannar
D:13:     evilmike_iron_armoury, layout_loops_ring, kennysheep_diamond
D:14:     kennysheep_ambush_hall, layout_gridville,
          grunt_vaults_entry_fortified, regret_index_xom_buried_treasure
D:15:     hangedman_depths_entry_civil_slaughter, layout_loops_corners,
          old_standard_altar, uniq_josephine
Lair:1:   layout_cave_pods, nicolae_lair_lindhole, infiniplex_staircase_pool_2,
          uniq_grum
Lair:2:   layout_big_grid, nicolae_snake_entry_warm_welcome,
          infiniplex_staircase_pool, grunt_megastairs_4
Lair:3:   layout_roguey, shoals_dummy_entry, minmay_holes,
          chequers_serial_rivers_micro_c, lemuel_another_geyser,
          grunt_megastairs_1
Lair:4:   beast_lair_carwin_large_4, layout_concentric_octagons, basic_altar
Lair:5:   wormcave, layout_long_grid, hangedman_lair_in_review,
          nicolae_slime_entry_field_trip
Shoals:1: layout_shoals, gammafunk_ghost_necromancy
Snake:1:  layout_rooms, uniq_aizul
Snake:2:  layout_misc_corridors, nicolae_clarity_for_sale
Snake:3:  layout_basic
Snake:4:  hellmonk_snake_rune_quicksilver_temple, layout_chambers,
          serial_bayou_shore_b, uniq_saint_roka
Slime:1:  layout_caves
Orc:1:    layout_caves, serial_shops, shop, special_room [special_room_orc],
          nicolae_alphabet_shops
Orc:2:    st_orc_mages, layout_caves, serial_shops, shop,
          nicolae_shop_overgrown_old_shop, basic_altar
Depths:1: layout_roguey, abyss_entry, nicolae_hell_entry_hellmouth_sunbeams,
          minmay_tree_intersection, nicolae_elemental_shop,
          nrook_mini_backslash, nicolae_qazlal_style_of_elements

Skill      XL: |  1  2  3  4  5  6  7  8  9 10 11 12 13 14 15 16 17 |
---------------+----------------------------------------------------+-----
Maces & Flails | 4 5 6 8 12 13 14 16 | 16.0
Fighting       | 6 8 10 13 15 17 20 22 24 25 | 25.3
Armour         | 5 8 10 11 | 11.5
Throwing       | 5 10 12 14 16 | 16.0
Evocations     | 5 |  5.0
Dodging        | |  2.1

Action                     |  1- 3 |  4- 6 |  7- 9 | 10-12 | 13-15 | 16-18 || total
---------------------------+-------+-------+-------+-------+-------+-------++-------
  Melee: Mace              |    50 |    35 |       |       |       |       ||    85
         Headbutt          |     4 |    16 |    41 |    68 |   232 |    80 ||   441
         Unarmed           |       |    30 |       |       |       |       ||    30
         Flail             |       |    89 |   208 |       |       |       ||   297
         Eveningstar       |       |       |       |   319 |   488 |       ||   807
         Morningstar       |       |       |       |     8 |       |       ||     8
         Dire flail        |       |       |       |       |   356 |   367 ||   723
  Throw: Boomerang         |       |       |     1 |    73 |   142 |   126 ||   342
 Invoke: Berserk           |     1 |     2 |     2 |       |     4 |     1 ||    10
         Trog's Hand       |       |       |     2 |       |     7 |     3 ||    12
         Brothers in Arms  |       |       |       |       |     2 |       ||     2
  Evoke: Wand              |       |       |       |       |     2 |       ||     2
    Use: Scroll            |     5 |    15 |     6 |     6 |     4 |     1 ||    37
         Potion            |       |     1 |       |       |     2 |     1 ||     4
   Stab: Sleeping          |     1 |       |       |       |       |       ||     1
 Armour: Animal skin       |    22 |    49 |       |       |       |       ||    71
         Skin              |       |     9 |       |       |       |       ||     9
         Ring mail         |       |    17 |    27 |       |       |       ||    44
         Scale mail        |       |       |    18 |       |       |       ||    18
         Chain mail        |       |       |    31 |     2 |       |       ||    33
         Plate armour      |       |       |       |   185 |   546 |   282 ||  1013
  Dodge: Dodged            |    28 |    67 |    80 |   113 |   358 |   143 ||   789
  Block: Other             |     2 |    27 |    31 |    21 |    48 |    63 ||   192
         Reflection        |       |     6 |     3 |     3 |    12 |    14 ||    38

Table legend: (Time is in decaauts)
 A = Elapsed time spent in this place.
 B = Non-inter-level travel time spent in this place.
 C = Inter-level travel time spent in this place.
 D = Time resting spent in this place.
 E = Time spent auto-exploring this place.
 F = Levels seen in this place.
 G = Mean time per level.
                   A        B        C        D        E       F      G
               +--------+--------+--------+--------+--------+-----+--------+
         Total |  29167 |  27771 |   1396 |   4844 |  16869 |  30 |  972.2 |
       Dungeon |  16570 |  15840 |    730 |   2346 |  10682 |  15 | 1104.7 |
          Lair |   5896 |   5593 |    303 |    703 |   3772 |   5 | 1179.2 |
        Shoals |      1 |      1 |      0 |      0 |      0 |   1 |    1.0 |
     Snake Pit |   4715 |   4467 |    248 |   1628 |   1657 |   4 | 1178.8 |
    Slime Pits |      1 |      1 |      0 |      0 |      0 |   1 |    1.0 |
  Orcish Mines |   1652 |   1538 |    114 |    148 |    648 |   2 |  826.0 |
        Depths |      1 |      1 |      0 |      0 |      0 |   1 |    1.0 |
        Bailey |    327 |    327 |      0 |     17 |    110 |   1 |  327.0 |
               +--------+--------+--------+--------+--------+-----+--------+

Top non-repeatable levels by time:
  Lair:5: 1893 daAuts
    D:15: 1797 daAuts
    D:14: 1530 daAuts
 Snake:3: 1473 daAuts
     D:3: 1473 daAuts
    D:13: 1472 daAuts
    D:12: 1443 daAuts
 Snake:2: 1185 daAuts
     D:6: 1143 daAuts
  Lair:4: 1124 daAuts
  Lair:1: 1100 daAuts
 Snake:4: 1055 daAuts
    D:10: 1030 daAuts
  Lair:2: 1015 daAuts
     D:8: 1013 daAuts
